 Dungeon Crawl Stone Soup version 0.27.1-16-g815e20cd7a (webtiles) character file.

Game seed: 7568445931035091955

110208 CrazyMind the Fencer (level 17, -17/189 HPs)
             Began as a Djinni Gladiator on Nov 20, 2021.
             Was the Champion of Okawaru.
             Demolished by a jumping spider (21 damage)
             ... on level 2 of the Spider Nest on Nov 21, 2021.
             The game lasted 03:08:10 (27584 turns).

CrazyMind the Fencer (Djinni Gladiator)            Turns: 27584, Time: 03:08:11

Health: -17/189    AC: 24    Str: 18    XL:     17   Next: 9%
Gold:   3946       EV: 22    Int: 13    God:    Okawaru [******] SH:  9 Dex: 23

rFire    + + .     SeeInvis .   g - +3 scimitar (flame)
rCold    + . .     Faith    .   r - +1 buckler {rC+}
rNeg     . . .     Spirit   .   T - +3 scale mail {rC+}
rPois    ∞         Reflect  .   V - +2 hat {Int+3}
rElec    .         Harm     .   N - +2 cloak {rCorr}
rCorr    +         Rampage  .   W - +0 pair of gloves
Will     +....                  (boots unavailable)
Stlth    ..........             M - amulet of regeneration
HPRegen  1.41/turn              I - +4 ring of protection
MPRegen  0.00/turn              O - +6 ring of dexterity

@: berserking, heroic, flying, very quick
A: sickness immunity, fire resistance 2, cold vulnerability 1, float, innate
caster, hp casting, extra vitality 1
a: Renounce Religion, Heroism, Finesse


You were on level 2 of the Spider Nest.
You worshipped Okawaru.
Okawaru was exalted by your worship.
You visited 4 branches of the dungeon, and saw 24 of its levels.
You also visited: Sewer and Bailey.

You collected 4048 gold pieces.
You spent 102 gold pieces at shops.

Inventory:

Hand Weapons
 g - a +3 scimitar of flaming (weapon)
Missiles
 a - 3 silver boomerangs
 c - 7 atropa-tipped darts
 d - 3 throwing nets
 j - 7 javelins (quivered)
 m - 14 curare-tipped darts
 x - 52 poisoned darts
 C - 71 boomerangs
 P - 16 silver javelins
Armour
 k - a +1 robe of willpower
 q - a +2 robe of positive energy
 r - a +1 buckler of cold resistance (worn)
 N - a +2 cloak of preservation (worn)
 T - a +3 scale mail of cold resistance (worn)
 V - a +2 hat of intelligence (worn)
 W - a +0 pair of gloves (worn)
Jewellery
 e - a ring of positive energy
 F - a ring of protection from cold
 G - a ring of ice
 I - a +4 ring of protection (left hand)
 M - an amulet of regeneration (around neck)
 O - a +6 ring of dexterity (right hand)
Wands
 i - a wand of paralysis (20)
 w - a wand of charming (8)
 E - a wand of flame (133)
 L - a wand of digging (5)
 U - a wand of mindburst (10)
 X - a wand of iceblast (6)
Scrolls
 f - 2 scrolls of fog
 l - 7 scrolls of identify
 n - a scroll of vulnerability
 p - a scroll of enchant weapon
 s - 6 scrolls of teleportation
 v - 4 scrolls of fear
 y - 5 scrolls of blinking
 B - a scroll of enchant armour
 Z - 3 scrolls of magic mapping
Potions
 h - a potion of attraction
 o - 4 potions of haste
 t - a potion of invisibility
 z - 3 potions of brilliance
 A - 2 potions of mutation
 H - 2 potions of might
 J - a potion of ambrosia
 K - 3 potions of curing
Miscellaneous
 b - a box of beasts
 Q - a tin of tremorstones (2/2)


   Skills:
 + Level 13.0(18.0) Fighting
 - Level 2.8(15.4) Short Blades
 + Level 15.0(20.1) Long Blades
 - Level 0.1(5.2) Axes
 - Level 0.1(5.6) Maces & Flails
 - Level 0.1(5.6) Polearms
 - Level 1.1(6.2) Staves
 - Level 0.1(9.5) Slings
 - Level 0.1(5.1) Bows
 - Level 0.1(5.1) Crossbows
 + Level 7.4(12.4) Throwing
 + Level 9.6(14.6) Armour
 + Level 12.0(17.0) Dodging
 * Level 5.8(10.8) Shields
 + Level 0.1 Spellcasting
 + Level 10.0 Invocations
 + Level 1.0 Evocations


You couldn't memorise any spells.
You knew the following spells:

 Your Spells              Type           Power      Damage    Failure   Level
a - Animate Skeleton      Necr           0%         N/A       56%         1
b - Blink                 Tloc           N/A        N/A       71%         2
c - Lesser Beckoning      Tloc           0%         N/A       90%         3
d - Dispel Undead         Necr           0%         3d6       100%        4
e - Animate Dead          Necr           0%         N/A       100%        4
f - Yara's Violent Unrav  Hex/Tmut       0%         3d3       100%        5
g - Iron Shot             Conj/Erth      0%         9d1       100%        6
h - Monstrous Menagerie   Summ           0%         N/A       100%        7
Your spell library was empty.


Dungeon Overview and Level Annotations

Branches:
Dungeon (15/15)            Temple (1/1) D:5            Lair (6/6) D:8
 Shoals (0/4) Lair:3       Spider (2/4) Lair:3        Slime (0/5) Lair:5
    Orc (0/2) D:12         Vaults (0/5) D:14          Sewer (visited)
 Bailey (visited)
 Depths: D:15

Altars:
Ashenzari
Cheibriados
Dithmenos
Elyvilon
Fedhas
Gozag
Hepliaklqana
Kikubaaqudgha
Makhleb
Nemelex Xobeh
Okawaru
Qazlal
Ru
Sif Muna
Trog
Uskayaw
Vehumet
Wu Jian
Xom
Yredelemnul
Zin
The Shining One
Jiyva

Shops:
D:2 ?

Portals:
Trove: D:10 (give +5 demon blade)

Annotations:
D:11 2 transporters, quantumflux's ghost, journeyman HuFi
D:14 3 runed translucent doors, Bickotudi's ghost, journeyman HOFi
D:15 exclusion: upstairs
Lair:1 exclusion: 3 oklob plants
Lair:3 2 transporters, Feulaj's ghost, journeyman MiBe


Innate Abilities, Weirdness & Mutations

You are immune to sickness and miasma.
You are immune to poison.
Your flesh is very heat resistant. (rF++)
You are vulnerable to cold. (rC-)
You float through the air rather than walking.
You learn spells naturally, not from books.
Your magical power is your life essence.
You have superior vitality. (+4 HP)


Message History

You riposte.
You barely miss the jumping spider.
The jumping spider is lightly wounded.
The jumping spider completely misses you.
You hit the jumping spider. You burn the jumping spider.
The jumping spider is heavily wounded.
You block the jumping spider's attack.
The jumping spider completely misses you. x2
You block the jumping spider's attack.
You closely miss the jumping spider.
The jumping spider is heavily wounded.
The jumping spider pounces on you but does no damage.
The jumping spider bites you but does no damage.
The jumping spider pounces on you!
* * * LOW HITPOINT WARNING * * *
You are caught in a web!
The jumping spider bites you but does no damage.
You struggle to detach yourself from the web.
The jumping spider pounces on you!
* * * LOW HITPOINT WARNING * * *
You are even more entangled.
The jumping spider bites you.
* * * LOW HITPOINT WARNING * * *
The jumping spider pounces on you.
* * * LOW HITPOINT WARNING * * *
The jumping spider bites you!
* * * LOW HITPOINT WARNING * * *
You are too berserk!
You are too berserk!
Okay, then.
Unknown command.
The web tears apart.
You feel a strong urge to attack something.
The jumping spider closely misses you.
You riposte.
You slice the jumping spider!! You burn the jumping spider!
The jumping spider is severely wounded.
The jumping spider bites you but does no damage.
The jumping spider barely misses you.
You riposte.
You slice the jumping spider!! You burn the jumping spider.
The jumping spider is almost dead.
The jumping spider closely misses you. The jumping spider pounces on you!!
You die...

#..[.## .#).
#....^# #..#
#.....####...#.
#....##.#.#...#..
#..>#.((†...#^..#
#...#((((...^.....
#.......##..#.....
#.s#†#..........s.
#@s^.....#y^#.....
#....#......#...#.
#.......#.........
#..#..#.....#..$#.
#........#../.....
#...##.........#..
#..)...#.....#....
#....#..$.........
#......#.?.#......


You could see 2 jumping spiders.

Vanquished Creatures
  Gastronok (Lair:1)
  2 emperor scorpions
  2 entropy weavers (Spider:2)
  Snorg (D:14)
  8 vault guards (D:14)
  3 boulder beetles
  2 centaur warriors
  Erica (Lair:1)
  11 hydras
  A ghost crab (Spider:1)
  2 two-headed ogres
  2 tengu warriors (D:13)
  6 death yaks
  Sonja (Lair:3)
  Nergalle (D:9)
  5 skeletal warriors (D:14)
  An orb spider (Spider:1)
  A lindwurm (Lair:6)
  6 wolf spiders
  A necromancer (D:13)
  An orc knight (D:15)
  3 deep elf pyromancers
  4 manticores
  5 cyclopes
  3 moths of wrath (Spider:2)
  9 ugly things
  Joseph (D:10)
  10 elephants
  7 black mambas
  2 torpor snails
  Maggie (D:10)
  An ice statue (D:13)
  6 rime drakes
  11 cane toads
  4 demonic crawlers
  An unseen horror (D:9)
  7 komodo dragons
  6 ice devils (D:13)
  3 polar bears
  A wind drake (Lair:3)
  10 jumping spiders
  3 trolls
  5 tyrant leeches (Spider:1)
  4 hornets
  19 slime creatures
  19 dream sheep
  25 blink frogs
  4 tarantellas
  17 redbacks
  A shadow (D:10)
  14 spriggans (Lair:6)
  A water elemental (D:15)
  61 yaks
  A fire elemental (D:14)
  6 basilisks
  3 wyverns
  10 vampire mosquitoes
  A steam dragon (D:9)
  An acid dragon (D:10)
  11 water moccasins
  3 sky beasts
  A necrophage (D:4)
  9 orc warriors
  9 black bears
  5 ogres
  4 boggarts (Lair:6)
  54 wolves
  A centaur (D:10)
  3 kobold brigands (Sewer)
  7 bullfrogs
  4 scorpions
  A gnoll sergeant (D:10)
  A wyvern zombie (D:8)
  3 killer bees (D:8)
  2 howler monkeys (D:9)
  5 electric eels
  A bullfrog zombie (D:6)
  A lava snake (D:14)
  4 centaur zombies
  2 orc priests
  2 hounds
  A bullfrog skeleton (D:5)
  A gnoll shaman (D:8)
  2 iguanas
  3 orc wizards
  6 hell rats (Lair:6)
  3 polar bear simulacra (D:13)
  A yak simulacrum (D:13)
  2 wolf simulacra (D:13)
  2 hound skeletons
  A howler monkey zombie (D:8)
  11 gnolls
  3 adders
  A white imp (D:7)
  6 ufetubi (D:13)
  An adder skeleton (D:4)
  A worm (D:2)
  2 dart slugs (D:5)
  32 orcs
  5 ball pythons
  3 bats
  6 endoplasms
  4 giant cockroaches
  9 goblins
  8 hobgoblins
  4 quokkas
  5 frilled lizards
  32 kobolds
  10 rats
  5 river rat simulacra (D:13)
652 creatures vanquished.

Vanquished Creatures (collateral kills)
  A boulder beetle (D:9)
  A tengu warrior (D:13)
  A deep elf pyromancer (D:8)
  A yak (D:8)
4 creatures vanquished.

Vanquished Creatures (others)
  An unseen horror (D:12)
  A tyrant leech (Spider:1)
  75 fungi
  77 plants
154 creatures vanquished.

Grand Total: 810 creatures vanquished

Notes
Turn   | Place    | Note
-------+----------+-------------------------------------------
     0 | D:1      | CrazyMind the Djinni Gladiator began the quest for the Orb.
     0 | D:1      | Reached XP level 1. HP: 18/18 MP: 0/0
     2 | D:1      | Noticed a palentonga
     2 | D:1      | Noticed a spriggan
     4 | D:1      | Noticed a felid
     4 | D:1      | Noticed an octopode
     6 | D:1      | Noticed a ghoul
     8 | D:1      | Noticed a draconian
     8 | D:1      | Noticed a djinni
    10 | D:1      | Noticed a naga
    12 | D:1      | Noticed a minotaur
    14 | D:1      | Noticed a demigod
    14 | D:1      | Noticed a vampire
    16 | D:1      | Noticed a demonspawn
    16 | D:1      | Noticed a human
    18 | D:1      | Noticed a vine stalker
    18 | D:1      | Noticed a tengu
    20 | D:1      | Noticed a dwarf
    20 | D:1      | Noticed an elf
    22 | D:1      | Noticed an ogre
    22 | D:1      | Noticed a troll
    24 | D:1      | Noticed a gargoyle
    24 | D:1      | Noticed a formicid
    26 | D:1      | Noticed a barachi
    26 | D:1      | Noticed a merfolk
   231 | D:1      | Reached XP level 2. HP: 23/23 MP: 0/0
   653 | D:1      | Found a faded altar of an unknown god.
   664 | D:1      | Reached skill level 3 in Long Blades
   840 | D:2      | Reached XP level 3. HP: 28/28 MP: 0/0
   840 | D:2      | Learned a level 1 spell: Animate Skeleton
  1459 | D:2      | Found Pualef's Magic Scroll Shoppe.
  1467 | D:2      | Bought a scroll of identify for 24 gold pieces
  1467 | D:2      | Bought a scroll of teleportation for 36 gold pieces
  1467 | D:2      | Bought a scroll of magic mapping for 42 gold pieces
  1706 | D:3      | Found a glowing drain.
  1711 | D:3      | Reached XP level 4. HP: 34/34 MP: 0/0
  1717 | Sewer    | Entered a sewer
  1918 | Sewer    | Noticed a kobold brigand
  1918 | Sewer    | Noticed a kobold brigand
  2269 | Sewer    | Killed a kobold brigand
  2270 | Sewer    | Reached skill level 4 in Long Blades
  2270 | Sewer    | Reached skill level 1 in Armour
  2270 | Sewer    | Reached XP level 5. HP: 11/39 MP: 0/0
  2270 | Sewer    | Learned a level 2 spell: Blink
  2585 | Sewer    | Killed a kobold brigand
  2586 | Sewer    | Reached XP level 6. HP: 12/45 MP: 0/0
  4326 | D:4      | Reached XP level 7. HP: 44/50 MP: 0/0
  4326 | D:4      | Learned a level 3 spell: Lesser Beckoning
  4575 | D:4      | Reached skill level 5 in Long Blades
  5189 | D:5      | Entered Level 5 of the Dungeon
  5286 | D:5      | You are sucked into a shaft and drop 3 floors!
  5300 | D:8      | Noticed a water moccasin
  5305 | D:8      | Killed a water moccasin
  5376 | D:8      | Found a flagged portal.
  5392 | Bailey   | Entered a bailey
  5474 | Bailey   | Reached XP level 8. HP: 50/57 MP: 0/0
  5658 | Bailey   | Reached skill level 6 in Long Blades
  6667 | Bailey   | Reached skill level 5 in Dodging
  6699 | Bailey   | Reached skill level 1 in Staves
  6833 | D:7      | Found a shadowy altar of Dithmenos.
  6965 | D:5      | Found a staircase to the Ecumenical Temple.
  6976 | Temple   | Entered the Ecumenical Temple
  6983 | Temple   | Became a worshipper of Warmaster Okawaru
  7108 | D:5      | Reached XP level 9. HP: 55/62 MP: 0/0
  7108 | D:5      | Learned a level 4 spell: Dispel Undead
  7439 | D:5      | Found a white marble altar of Elyvilon.
  8285 | D:6      | Reached skill level 7 in Long Blades
  8422 | D:6      | Reached * piety under Okawaru
  8423 | D:6      | Reached skill level 5 in Fighting
  8432 | D:6      | Found a bloodstained altar of Trog.
  9266 | D:7      | Reached skill level 8 in Long Blades
  9436 | D:7      | Found a hide-covered altar of Uskayaw.
  9743 | D:8      | Noticed a deep elf pyromancer
  9790 | D:8      | Reached XP level 10. HP: 70/70 MP: 0/0
  9792 | D:8      | Killed a deep elf pyromancer
  9792 | D:8      | Reached ** piety under Okawaru
  9831 | D:8      | Found a staircase to the Lair.
  9846 | D:8      | Reached skill level 9 in Long Blades
 10665 | D:9      | Found an ornate altar of the Wu Jian Council.
 10856 | D:9      | Reached *** piety under Okawaru
 11013 | D:9      | Found a stormy altar of Qazlal.
 11190 | D:10     | Entered Level 10 of the Dungeon
 11198 | D:10     | Noticed a boulder beetle
 11246 | D:10     | Noticed Joseph
 11394 | D:10     | Received a gift from Okawaru
 11477 | D:10     | Found a portal to a secret trove of treasure.
 11490 | D:10     | Noticed Nergalle
 11595 | Lair:1   | Entered Level 1 of the Lair of Beasts
 11664 | Lair:1   | Reached skill level 10 in Long Blades
 11767 | Lair:1   | Reached **** piety under Okawaru
 11795 | Lair:1   | Noticed an eight-headed hydra
 11880 | D:9      | Killed a boulder beetle
 11881 | D:9      | Reached skill level 1 in Invocations
 11881 | D:9      | Reached XP level 11. HP: 27/78 MP: 0/0
 11881 | D:9      | Learned a level 4 spell: Animate Dead
 11978 | D:9      | Noticed a spectral orc warlord
 11979 | D:9      | Noticed a spectral orc warlord
 11992 | D:9      | Killed Nergalle
 12033 | D:10     | HP: 3/79 [Joseph/sling bullet (17)]
 12105 | D:10     | Killed Joseph
 12150 | D:10     | Noticed a two-headed ogre
 12160 | D:10     | Killed a two-headed ogre
 12393 | D:8      | Reached skill level 11 in Long Blades
 12672 | D:10     | Noticed Maggie
 12698 | D:10     | Killed Maggie
 12699 | D:10     | Reached skill level 5 in Armour
 12953 | D:11     | Found a transporter.
 12955 | D:11     | Noticed quantumflux's ghost (journeyman HuFi)
 12957 | D:11     | Found a transporter.
 13345 | D:11     | Noticed a manticore
 13356 | D:11     | Killed a manticore
 13656 | D:12     | Noticed a deep elf pyromancer
 13660 | D:12     | Noticed a four-headed hydra
 13667 | D:12     | Killed a deep elf pyromancer
 13685 | D:12     | Killed a four-headed hydra
 13845 | D:12     | Found a staircase to the Orcish Mines.
 13850 | D:12     | You are sucked into a shaft and drop 2 floors!
 13909 | D:13     | Noticed a green ugly thing
 13916 | D:14     | Found a runed translucent gate.
 13919 | D:13     | Noticed a boulder beetle
 13930 | D:13     | Killed a boulder beetle
 13930 | D:13     | Reached ***** piety under Okawaru
 13931 | D:13     | Reached skill level 1 in Short Blades
 13931 | D:13     | Reached XP level 12. HP: 69/86 MP: 0/0
 13957 | D:13     | You are sucked into a shaft and drop 2 floors!
 13957 | D:15     | Entered Level 15 of the Dungeon
 14114 | D:13     | Noticed a boulder beetle
 14132 | D:13     | Killed a boulder beetle
 14201 | D:12     | Identified the +8 hand axe of Lies {distort, +Rage Str+4}
 14259 | D:12     | Received a gift from Okawaru
 14356 | D:12     | Reached skill level 5 in Invocations
 14399 | D:12     | Noticed a two-headed ogre
 14411 | D:12     | Killed a two-headed ogre
 14810 | Lair:1   | Killed an eight-headed hydra
 14976 | Lair:1   | Noticed Gastronok
 15011 | Lair:1   | Killed Gastronok
 15012 | Lair:1   | Reached skill level 12 in Long Blades
 15057 | Lair:1   | Noticed Erica
 15109 | Lair:1   | Killed Erica
 15285 | Lair:1   | Reached XP level 13. HP: 24/93 MP: 0/0
 15285 | Lair:1   | Learned a level 5 spell: Yara's Violent Unravelling
 16364 | Lair:2   | Noticed an eight-headed hydra
 16375 | Lair:2   | Killed a four-headed hydra
 16375 | Lair:2   | Received a gift from Okawaru
 16759 | Lair:2   | Received a gift from Okawaru
 17149 | Lair:2   | Received a gift from Okawaru
 17298 | Lair:2   | Noticed a five-headed hydra
 17303 | Lair:2   | Killed a one-headed hydra
 17485 | Lair:3   | Reached skill level 10 in Dodging
 17557 | Lair:3   | Received a gift from Okawaru
 17611 | Lair:2   | Reached skill level 13 in Long Blades
 17623 | Lair:3   | Found a transporter.
 17645 | Lair:3   | Found a hole to the Spider Nest.
 17790 | Lair:3   | Reached skill level 10 in Fighting
 17820 | Lair:3   | Noticed Sonja
 17834 | Lair:3   | Killed Sonja
 17959 | Lair:3   | Found a staircase to the Shoals.
 17961 | Lair:3   | Identified the +3 quarterstaff "Zaiprom" {freeze, rC+ rCorr
                  | Str+3 Dex-3}
 17975 | Lair:3   | Reached XP level 14. HP: 100/103 MP: 0/0
 18095 | Lair:3   | Noticed Feulaj's ghost (journeyman MiBe)
 18100 | Lair:3   | Found a transporter.
 18325 | Lair:4   | Received a gift from Okawaru
 18603 | Lair:4   | Received a gift from Okawaru
 19582 | Lair:5   | Reached ****** piety under Okawaru
 19780 | Lair:5   | Received a gift from Okawaru
 20237 | Lair:5   | Received a gift from Okawaru
 20245 | Lair:5   | Reached skill level 5 in Throwing
 20390 | Lair:5   | Found a staircase to the Slime Pits.
 20390 | Lair:5   | Found a viscous altar of Jiyva.
 20720 | Lair:6   | Entered Level 6 of the Lair of Beasts
 20747 | Lair:5   | Received a gift from Okawaru
 20860 | Lair:6   | Reached skill level 14 in Long Blades
 20916 | Lair:6   | Received a gift from Okawaru
 21014 | Lair:6   | Reached XP level 15. HP: 88/109 MP: 0/0
 21014 | Lair:6   | Learned a level 6 spell: Iron Shot
 21035 | Lair:6   | Received a gift from Okawaru
 21185 | Lair:6   | Identified the +4 chain mail of the Alphagorgon {rPois
                  | Int+7}
 21264 | Lair:5   | Received a gift from Okawaru
 21377 | Lair:1   | Upgraded the game from 0.27.1-15-g792fb953b9 to
                  | 0.27.1-16-g815e20cd7a
 21758 | Lair:6   | Reached skill level 1 in Shields
 21979 | Lair:6   | Reached skill level 10 in Invocations
 23000 | Lair:1   | Identified a scroll of acquirement
 23007 | Lair:1   | Acquired 513 gold pieces
 23487 | D:13     | Received a gift from Okawaru
 24075 | D:13     | Reached XP level 16. HP: 101/118 MP: 0/0
 24359 | D:14     | Reached skill level 1 in Evocations
 24369 | D:14     | Found a gate to the Vaults.
 24511 | D:14     | Noticed Snorg
 24513 | D:14     | Found an opulent altar of Gozag.
 24530 | D:14     | Killed Snorg
 24708 | D:14     | Noticed Bickotudi's ghost (journeyman HOFi)
 24717 | D:14     | Found a runed translucent gate.
 24764 | D:14     | Found a runed translucent gate.
 25965 | Spider:1 | Entered Level 1 of the Spider Nest
 26991 | Spider:2 | Received a gift from Okawaru
 27025 | Spider:2 | Reached skill level 5 in Shields
 27349 | Spider:2 | Reached skill level 15 in Long Blades
 27451 | Spider:2 | Reached XP level 17. HP: 72/125 MP: 0/0
 27451 | Spider:2 | Learned a level 7 spell: Monstrous Menagerie
 27583 | Spider:2 | HP: 3/189 [jumping spider (8)]
 27584 | Spider:2 | Demolished by a jumping spider

Illustrated notes

Levels and vault maps discovered:
D:1:      kb_arrival_jail, layout_loops_ring, chequers_ecumenical_altar_island,
          minivault_27
D:2:      layout_loops_ring, serial_shops, nicolae_square_shop, st_stairs_13
D:3:      layout_loops_cross, portal_sewer_entry_d, kennysheep_generic_room_11
D:4:      layout_basic, fiery_altar_vehumet
D:5:      layout_basic, mainiacjoe_overflow_brackets,
          minmay_temple_entry_statues_pillars
D:6:      layout_rooms, trog_antimagical
D:7:      layout_gridville, mainiacjoe_overflow_cross_hatched,
          lemuel_round_altar
D:8:      layout_loops_corners, grunt_lair_entry_orc_guard_hut, enter_bailey_3
D:9:      layout_irregular_city, mainiacjoe_overflow_tiny_flanked,
          nicolae_qazlal_style_of_elements, roderic_roman_lattice
D:10:     layout_rooms, enter_trove_0, serial_curves, eino_curves_04,
          eino_curves_01, uniq_nergalle, uniq_maggie, uniq_joseph
D:11:     layout_long_grid, gammafunk_ghost_mausoleum
D:12:     layout_long_grid, orc_0_dummy, hangedman_abyss_or_decor_lesser_grid
D:13:     cheibrodos_frozen_isle, layout_irregular_city, eino_house_with_fridge
D:14:     layout_basic, erik_vaults_2, gammafunk_ghost_split,
          grunt_gozag_statues, uniq_snorg
D:15:     hangedman_depths_entry_civil_slaughter, layout_basic,
          serial_park_paths [serial_park_minivault_5x5_8], special_room
          [special_room_orc]
Temple:   nicolae_temple_no_exploring_needed
Lair:1:   layout_cave_pods, serial_bayou_shore_a, infiniplex_staircase_pool,
          grunt_megastairs_1, minmay_lair_oklob_chamber, lemuel_fruit_tree,
          uniq_gastronok, uniq_erica
Lair:2:   layout_chaotic_city, grunt_megastairs_2
Lair:3:   layout_big_grid, minmay_shoals_entry_beasts, spider_nest_entry_webs,
          gammafunk_ghost_arena, chequers_serial_rivers_small_3,
          patterned_corridor, infiniplex_staircase_pool_2, uniq_sonja
Lair:4:   layout_regular_city, grunt_forest_large_clearings
Lair:5:   layout_cave_pods, slime_altar_1
Lair:6:   minmay_lair_end_enchanted_forest, layout_cave_pods
Spider:1: layout_spider_delve, nicolae_spider_swamp_cousins
Spider:2: layout_spider_delve

Skill      XL: |  1  2  3  4  5  6  7  8  9 10 11 12 13 14 15 16 17 |
---------------+----------------------------------------------------+-----
Long Blades    | 3 4 5 6 8 10 11 12 13 14 15 | 15.0
Armour         | 1 2 3 4 5 6 7 8 9 |  9.6
Dodging        | 4 5 6 8 9 10 11 12 | 12.0
Fighting       | 3 4 5 6 7 8 10 11 12 13 | 13.0
Throwing       | 2 4 5 6 7 |  7.4
Staves         | 1 |  1.1
Invocations    | 1 4 6 8 9 10 | 10.0
Short Blades   | 1 2 |  2.8
Shields        | 3 5 |  5.8
Evocations     | 1 |  1.0
Axes           | |  0.1
Maces & Flails | |  0.1
Polearms       | |  0.1
Slings         | |  0.1
Bows           | |  0.1
Crossbows      | |  0.1
Spellcasting   | |  0.1

Action                   |  1- 3 |  4- 6 |  7- 9 | 10-12 | 13-15 | 16-18 || total
-------------------------+-------+-------+-------+-------+-------+-------++-------
Melee: Long sword        |    63 |   176 |   316 |   552 |       |       ||  1107
       Short sword       |       |       |       |    31 |       |       ||    31
       Punch             |       |       |       |    16 |    11 |       ||    27
       Scimitar          |       |       |       |    14 |  1171 |   580 ||  1765
Throw: Stone             |     7 |     3 |     2 |       |       |       ||    12
       Dart              |       |     4 |    10 |    25 |    16 |    19 ||    74
       Javelin           |       |     1 |     5 |     7 |     9 |    30 ||    52
       Boomerang         |       |       |   127 |    26 |   221 |    25 ||   399
Invok: Heroism           |       |       |       |    31 |    16 |    12 ||    59
       Finesse           |       |       |       |     3 |       |     1 ||     4
Evoke: Wand              |       |       |       |       |     3 |       ||     3
       Box of beasts     |       |       |       |       |     1 |     1 ||     2
  Use: Scroll            |     1 |       |    15 |     6 |    10 |     1 ||    33
       Potion            |       |     3 |       |     8 |     1 |     4 ||    16
 Stab: Sleeping          |       |     1 |     1 |     2 |       |       ||     4
       Distracted        |       |       |       |     1 |     1 |       ||     2
Armor: Leather armour    |    13 |    41 |    86 |    55 |       |       ||   195
       Acid dragon scale |       |       |       |   195 |   171 |       ||   366
       Scale mail        |       |       |       |       |   211 |   237 ||   448
Dodge: Dodged            |    35 |   118 |   282 |   554 |   952 |   469 ||  2410
Block: Buckler           |       |       |       |       |       |   215 ||   215
       Rpst.: Long sword |    11 |    28 |    60 |   114 |       |       ||   213
       Scimitar          |       |       |       |     1 |   279 |    93 ||   373
